 Dungeon Sprint DCSS version 0.17-a0-1718-g72dbe4d (webtiles) character file.

6400000 ztt the Intangible (level 27, -6/273 HPs)
             Began as a Ghoul Gladiator on Aug 26, 2015.
             Was the Champion of Makhleb.
             Mangled by a meat berserker
             ... wielding a +9 battleaxe
              (53 damage)
             ... while paralysed
             ... in the Dungeon (Sprint VIII: "Arena of Blood").
             The game lasted 00:01:43 (64 turns).

ztt the Intangible (Ghoul Gladiator)                  Turns: 64, Time: 00:01:43

Health: -6/273     AC:  8    Str: 32    XL:     27
Magic:  27/53      EV:  2    Int:  3    God:    Makhleb [******]
Gold:   0          SH:  0    Dex:  9    Spells: 0 memorised, 80 levels left

rFire  . . .     SeeInvis .     l - +∞ Axe of Woe
rCold  + . .     Clarity  .     b - +0 leather armour
rNeg   + + +     SustAt   .     (no shield)
rPois  ∞         Gourm    .     c - +0 helmet
rElec  .         Spirit   .     (no cloak)
rCorr  .         Warding  .     (no gloves)
rMut   .         NoTele   +     (no boots)
MR     ++...                    (no amulet)
Stlth  +++++++++.               n - +30 ring of slaying
                                m - +30 ring of slaying

@: paralysed, rotting, slowed, lost intelligence, very resistant to hostile
enchantments, incredibly stealthy
A: rotting body, claws 1, carnivore 3, cold resistance 1, negative energy
resistance 3, slow healing 1, torment resistance, unbreathing
a: Minor Destruction, Lesser Servant of Makhleb, Major Destruction, Greater
Servant of Makhleb, Renounce Religion


You were in the Dungeon.
You worshipped Makhleb.
Makhleb was exalted by your worship.
You were not hungry.

You visited 1 branch

Inventory:

Hand weapons
 a - a +0 war axe
 l - the +∞ Axe of Woe (weapon)
   (You found it in the Dungeon)
Missiles
 d - 3 throwing nets (quivered)
Armour
 b - a +0 leather armour (worn)
 c - a +0 helmet (worn)
Jewellery
 m - a +30 ring of slaying (left claw)
 n - a +30 ring of slaying (right claw)
Scrolls
 k - a scroll of blinking
Potions
 f - a potion of curing
 g - a potion of heal wounds
 h - a potion of haste
 i - 2 potions of magic
 j - a potion of berserk rage
Comestibles
 e - a meat ration


   Skills:
 O Level 27 Fighting
 O Level 27 Axes
 O Level 27 Throwing
 O Level 27 Armour
 O Level 27 Dodging
 O Level 27 Stealth
 O Level 27 Unarmed Combat
 O Level 27 Spellcasting
 O Level 27 Invocations


You had 80 spell levels left.
You didn't know any spells.

Dungeon Overview and Level Annotations

Branches:
Dungeon (1/1)

Altars:
Makhleb


Innate Abilities, Weirdness & Mutations

Your body is rotting away.
You thrive on raw meat.
You are immune to poison.
You have sharp fingernails.
You are carnivorous and can eat meat at any time.
Your flesh is cold resistant.
You are immune to negative energy.
You heal slowly when monsters are visible.
You are immune to unholy pain and torment.
You can survive without breathing.


Message History

The meat berserker hits you with a +9 battleaxe!!
You hear a shout!
A meat beast comes into view.
You hear a shout!
The meat beast appears out of thin air!
A meat beast comes into view.
You hear a shout!
The meat berserker is engulfed in roaring flames.
The meat berserker hits you with a +9 battleaxe!!
You hear a shout! x2
The dread moves out of view.
The bag of meat is engulfed in roaring flames.
The bag of meat hits you with a +9 war axe!!!
* * * LOW HITPOINT WARNING * * *
The meat berserker hits you with a +9 battleaxe!!
* * * LOW HITPOINT WARNING * * *
The meat berserker is engulfed in roaring flames.
The meat berserker barely misses you.
The meat berserker hits you with a +9 battleaxe!!!
You die...

#........_.......
......#.....# ...
......#_.<)_#....
......#)))).#....
#...W.LX)o.......
o......X###.2....
...###XX))...###.
. #OO).%..#
#O@O))..#
....x.oo§........
.....ooo§%.......
......2.%%......#
..............##.
....#........#..
.............#..
...##.#.......


You could see a tentacled monstrosity, 2 meat beasts, a tyrant, 3 large
abominations, a dread, 4 meat berserkers, a small abomination and 5 bags of
meat.

Vanquished Creatures
  A greater mummy (D)
  11 vampire knights (D)
  16 ogres (D)
  A hydra (D)
  44 orcs (D)
  5 hill giants (D)
  6 skeletal warriors (D)
  4 large abominations (D)
  4 small abominations (D)
  6 crawling corpses (D)
98 creatures vanquished.

Vanquished Creatures (others)
  4 crawling corpses (D)
4 creatures vanquished.

Grand Total: 102 creatures vanquished

Notes
Turn   | Place    | Note
--------------------------------------------------------------
     0 | D        | ztt the Ghoul Gladiator began the quest for the Orb.
     0 | D        | Reached XP level 1. HP: 17/17 MP: 0/0
     3 | D        | Noticed a bag of meat
     4 | D        | Became a worshipper of Makhleb the Destroyer
     5 | D        | Noticed a bag of meat
     5 | D        | Noticed a bag of meat
     5 | D        | Noticed a meat berserker
     8 | D        | Noticed a bag of meat
     8 | D        | Noticed a bag of meat
     8 | D        | Noticed a bag of meat
     8 | D        | Killed a bag of meat
     8 | D        | Reached skill level 11 in Fighting
     8 | D        | Reached skill level 16 in Axes
     8 | D        | Reached XP level 2. HP: 20/40 MP: 1/1
     8 | D        | Reached XP level 3. HP: 23/47 MP: 2/2
     8 | D        | Reached XP level 4. HP: 26/55 MP: 3/3
     8 | D        | Reached XP level 5. HP: 28/60 MP: 4/4
     8 | D        | Reached XP level 6. HP: 31/68 MP: 5/5
     8 | D        | Reached XP level 7. HP: 33/74 MP: 6/6
     8 | D        | Reached XP level 8. HP: 36/82 MP: 7/7
     8 | D        | Reached XP level 9. HP: 39/89 MP: 8/8
     8 | D        | Reached XP level 10. HP: 41/95 MP: 9/9
     8 | D        | Reached XP level 11. HP: 44/102 MP: 10/10
     8 | D        | Reached XP level 12. HP: 47/110 MP: 11/11
     8 | D        | Noticed a bag of meat
     9 | D        | Noticed a meat berserker
     9 | D        | Killed a meat berserker
     9 | D        | Acquired Makhleb's first power
     9 | D        | Reached skill level 20 in Axes
     9 | D        | Reached XP level 13. HP: 9/123 MP: 12/12
     9 | D        | Reached XP level 14. HP: 9/130 MP: 13/13
     9 | D        | Killed a bag of meat
     9 | D        | Reached skill level 21 in Axes
    11 | D        | Killed a bag of meat
    11 | D        | Acquired Makhleb's second power
    11 | D        | Reached skill level 15 in Fighting
    11 | D        | Reached skill level 22 in Axes
    11 | D        | Reached XP level 15. HP: 57/141 MP: 14/14
    12 | D        | Noticed a bag of meat
    12 | D        | Noticed a meat berserker
    12 | D        | Killed a bag of meat
    12 | D        | Reached skill level 23 in Axes
    12 | D        | Killed a bag of meat
    12 | D        | Acquired Makhleb's third power
    12 | D        | Reached skill level 24 in Axes
    12 | D        | Reached XP level 16. HP: 97/154 MP: 15/15
    14 | D        | Noticed a bag of meat
    15 | D        | Noticed a bag of meat
    17 | D        | Killed a meat berserker
    17 | D        | Reached skill level 26 in Axes
    17 | D        | Reached skill level 15 in Throwing
    18 | D        | Noticed a bag of meat
    18 | D        | Noticed a bag of meat
    19 | D        | Noticed a bag of meat
    19 | D        | Noticed a bag of meat
    19 | D        | Noticed a bag of meat
    20 | D        | Noticed a bag of meat
    20 | D        | Noticed a bag of meat
    20 | D        | Killed a meat berserker
    20 | D        | Acquired Makhleb's fourth power
    20 | D        | Reached skill level 27 in Axes
    20 | D        | Reached skill level 27 in Dodging
    20 | D        | Reached XP level 17. HP: 144/174 MP: 16/16
    20 | D        | Killed a bag of meat
    21 | D        | Noticed a meat berserker
    21 | D        | Noticed a bag of meat
    21 | D        | Killed a bag of meat
    21 | D        | Reached XP level 18. HP: 189/194 MP: 17/17
    21 | D        | Killed a bag of meat
    21 | D        | Acquired Makhleb's fifth power
    21 | D        | Reached skill level 27 in Fighting
    21 | D        | Killed a bag of meat
    22 | D        | Noticed a bag of meat
    22 | D        | Noticed a bag of meat
    22 | D        | Killed a bag of meat
    23 | D        | Noticed a bag of meat
    23 | D        | Noticed a meat berserker
    23 | D        | Noticed a bag of meat
    23 | D        | Noticed a bag of meat
    23 | D        | Noticed a meat berserker
    24 | D        | Noticed a meat berserker
    24 | D        | Noticed a bag of meat
    24 | D        | Noticed a bag of meat
    25 | D        | Noticed a large bag of meat
    25 | D        | Killed a bag of meat
    25 | D        | Reached skill level 27 in Throwing
    25 | D        | Reached XP level 19. HP: 207/207 MP: 18/18
    25 | D        | Killed a bag of meat
    25 | D        | Reached skill level 5 in Spellcasting
    25 | D        | Killed a bag of meat
    25 | D        | Reached skill level 10 in Unarmed Combat
    25 | D        | Reached skill level 10 in Invocations
    26 | D        | Killed a bag of meat
    26 | D        | Reached skill level 10 in Armour
    26 | D        | Killed a meat berserker
    26 | D        | Reached skill level 15 in Unarmed Combat
    26 | D        | Reached skill level 15 in Invocations
    26 | D        | Reached XP level 20. HP: 216/216 MP: 18/35
    26 | D        | Killed a bag of meat
    27 | D        | Noticed a destroyer
    27 | D        | Killed a meat berserker
    27 | D        | Reached skill level 15 in Spellcasting
    27 | D        | Killed a bag of meat
    27 | D        | Killed a bag of meat
    27 | D        | Reached XP level 21. HP: 224/224 MP: 18/40
    27 | D        | Killed a bag of meat
    27 | D        | Killed a bag of meat
    28 | D        | Noticed a bag of meat
    28 | D        | Killed a meat berserker
    29 | D        | Killed a bag of meat
    29 | D        | Reached XP level 22. HP: 233/233 MP: 18/44
    29 | D        | Killed a bag of meat
    30 | D        | Noticed a destroyer
    30 | D        | Killed a meat berserker
    30 | D        | Reached skill level 27 in Stealth
    30 | D        | Killed a large bag of meat
    30 | D        | Reached skill level 27 in Invocations
    31 | D        | Noticed a destroyer
    31 | D        | Noticed a meat berserker
    31 | D        | Killed a bag of meat
    31 | D        | Reached skill level 27 in Unarmed Combat
    31 | D        | Killed a destroyer
    31 | D        | Reached skill level 27 in Armour
    31 | D        | Reached XP level 23. HP: 240/240 MP: 19/51
    32 | D        | Killed a bag of meat
    32 | D        | Reached skill level 27 in Spellcasting
    34 | D        | Noticed an eight-headed meat hydra
    34 | D        | Noticed a bag of meat
    34 | D        | Noticed a meat berserker
    34 | D        | Noticed a destroyer
    34 | D        | Killed a bag of meat
    34 | D        | Killed a destroyer
    34 | D        | Reached XP level 24. HP: 249/249 MP: 19/53
    35 | D        | Noticed a meat berserker
    35 | D        | Noticed a meat berserker
    35 | D        | Killed a bag of meat
    36 | D        | Noticed a bag of meat
    36 | D        | Noticed a bag of meat
    36 | D        | Noticed a bag of meat
    36 | D        | Noticed a sculptor of flesh
    36 | D        | Noticed a large bag of meat
    36 | D        | Killed a meat berserker
    37 | D        | Noticed a bag of meat
    37 | D        | Noticed a bag of meat
    38 | D        | Noticed a meat berserker
    38 | D        | Noticed a destroyer
    38 | D        | Noticed a sculptor of flesh
    38 | D        | Noticed a destroyer
    38 | D        | Noticed a large bag of meat
    39 | D        | Noticed a meat berserker
    39 | D        | Noticed a large bag of meat
    39 | D        | Killed a destroyer
    39 | D        | Killed a destroyer
    39 | D        | Reached XP level 25. HP: 257/257 MP: 21/53
    39 | D        | Killed a destroyer
    39 | D        | Noticed a bag of meat
    40 | D        | Noticed a meat berserker
    40 | D        | Killed a meat berserker
    40 | D        | Killed a meat berserker
    40 | D        | Reached XP level 26. HP: 266/266 MP: 21/53
    41 | D        | Killed a meat berserker
    42 | D        | Noticed a bag of meat
    42 | D        | Noticed a sculptor of flesh
    42 | D        | Noticed a destroyer
    42 | D        | Noticed a destroyer
    42 | D        | Killed a destroyer
    42 | D        | Killed a large bag of meat
    42 | D        | Killed a bag of meat
    42 | D        | Killed a meat berserker
    42 | D        | Reached XP level 27. HP: 273/273 MP: 21/53
    43 | D        | Noticed a bag of meat
    43 | D        | Noticed a sculptor of flesh
    43 | D        | Killed a bag of meat
    44 | D        | Killed a large bag of meat
    44 | D        | Killed a nine-headed meat hydra
    44 | D        | Killed a bag of meat
    45 | D        | Noticed a sculptor of flesh
    45 | D        | Noticed a meat berserker
    45 | D        | Noticed a destroyer
    45 | D        | Killed a sculptor of flesh
    46 | D        | Killed a meat berserker
    46 | D        | Killed a bag of meat
    46 | D        | Killed a destroyer
    46 | D        | Killed a bag of meat
    46 | D        | Killed a sculptor of flesh
    47 | D        | Noticed a bag of meat
    47 | D        | Noticed a large bag of meat
    47 | D        | Killed a large bag of meat
    47 | D        | Killed a meat berserker
    48 | D        | Noticed a bag of meat
    48 | D        | Noticed a bag of meat
    48 | D        | Noticed a bag of meat
    48 | D        | Noticed an accursed
    48 | D        | Noticed a meat berserker
    48 | D        | Killed a bag of meat
    49 | D        | Noticed a destroyer
    49 | D        | Noticed a destroyer
    49 | D        | Killed a destroyer
    50 | D        | Noticed a bag of meat
    50 | D        | Noticed a bag of meat
    50 | D        | Killed a meat berserker
    51 | D        | Noticed a sculptor of flesh
    51 | D        | Noticed a bag of meat
    51 | D        | Killed a destroyer
    51 | D        | Killed a destroyer
    52 | D        | Noticed a bag of meat
    52 | D        | Noticed a bag of meat
    52 | D        | Killed a meat berserker
    53 | D        | Noticed a bag of meat
    53 | D        | Killed a bag of meat
    53 | D        | Killed a sculptor of flesh
    54 | D        | Noticed a bag of meat
    54 | D        | Noticed a bag of meat
    54 | D        | Killed a destroyer
    55 | D        | Noticed a bag of meat
    55 | D        | Noticed a bag of meat
    55 | D        | Killed a bag of meat
    56 | D        | Killed a bag of meat
    56 | D        | Killed a sculptor of flesh
    56 | D        | Killed a bag of meat
    56 | D        | Killed a sculptor of flesh
    57 | D        | Killed a large bag of meat
    58 | D        | Noticed a meat berserker
    58 | D        | Noticed a bag of meat
    58 | D        | Noticed a meat berserker
    59 | D        | Noticed a tyrant
    59 | D        | Noticed a bag of meat
    59 | D        | Noticed a meat berserker
    59 | D        | Killed a bag of meat
    59 | D        | Killed a bag of meat
    59 | D        | Killed a bag of meat
    59 | D        | Killed a bag of meat
    59 | D        | Killed a bag of meat
    60 | D        | Noticed a meat berserker
    60 | D        | Killed a bag of meat
    60 | D        | Killed a bag of meat
    61 | D        | Killed a bag of meat
    62 | D        | Killed an accursed
    62 | D        | Lost intelligence.
    62 | D        | Killed a sculptor of flesh
    62 | D        | Killed a bag of meat
    64 | D        | Noticed a dread
    64 | D        | Noticed a meat beast
    64 | D        | Noticed a dread
    64 | D        | Mangled by a meat berserker

Vault maps used:
D:        meatsprint

Action                   |  1- 3 |  4- 6 |  7- 9 | 10-12 | 13-15 | 16-18 | 19-21 | 22-24 | 25-27 || total
-------------------------+-------+-------+-------+-------+-------+-------+-------+-------+-------++-------
Melee: Executioner's axe |     1 |       |       |     1 |     2 |     5 |     4 |     8 |    22 ||    43
